 Dungeon Crawl Stone Soup version 0.22.1 (webtiles) character file.

595 Fang the Chopper (level 7, 0/66 HPs)
             Began as a Gargoyle Berserker on Sept 18, 2018.
             Was a Priest of Trog.
             Slain by a centaur zombie (2 damage)
             ... on level 5 of the Dungeon.
             The game lasted 00:03:51 (4703 turns).

Fang the Chopper (Gargoyle Berserker)               Turns: 4703, Time: 00:03:52

Health: 0/66       AC:  8    Str: 27    XL:     7   Next: 40%
Magic:  7/7        EV: 13    Int:  8    God:    Trog [***...]
Gold:   268        SH:  0    Dex:  9    Spells: 6/6 levels left

rFire    . . .     SeeInvis .   a - +0 hand axe
rCold    . . .     Gourm    .   (no shield)
rNeg     + . .     Faith    .   b - +1 animal skin
rPois    ∞         Spirit   .   (no helmet)
rElec    +         Reflect  .   (no cloak)
rCorr    +         Harm     .   (no gloves)
MR       .....                  (no boots)
Stlth    ..........             (no amulet)
HPRegen  0.21/turn              (no ring)
MPRegen  0.10/turn              q - ring of resist corrosion

@: confused, berserking, very quick
A: negative energy resistance 1, electricity resistance, unbreathing,
petrification resistance, rot immunity, AC +4
a: Berserk, Trog's Hand, Renounce Religion


You were on level 5 of the Dungeon.
You worshipped Trog.
Trog was most pleased with you.
You were near starving.

You visited 1 branch of the dungeon, and saw 5 of its levels.

You collected 268 gold pieces.

Inventory:

Hand Weapons
 a - a +0 hand axe (weapon)
Armour
 b - a +1 animal skin (worn)
Jewellery
 q - a ring of resist corrosion (right hand)
Wands
 d - a wand of paralysis (12)
 i - a wand of flame (24)
Scrolls
 e - a scroll of immolation
 g - 5 scrolls of teleportation
 k - a scroll of magic mapping
 s - 2 scrolls of remove curse
Potions
 f - a potion of brilliance {unknown}
 h - 2 potions of heal wounds
 j - 3 potions of curing
 l - a potion of magic {unknown}
 m - a potion of invisibility {unknown}
 n - 3 potions of might
 o - a potion of degeneration {unknown}
 p - a potion of mutation {unknown}
 r - a potion of agility {unknown}
 u - a potion of ambrosia {unknown}
Comestibles
 c - 4 rations


   Skills:
 + Level 4.9 Fighting
 + Level 5.8 Axes
 + Level 2.3 Armour
 + Level 3.2 Dodging
 + Level 2.0 Stealth


You had 6 spell levels left.
You didn't know any spells.
Your spell library was empty.

Dungeon Overview and Level Annotations

Branches:
Dungeon (5/15)
 Temple: D:4-7

Altars:
Dithmenos
Qazlal


Innate Abilities, Weirdness & Mutations

You are resistant to torment.
Your stone body is resilient. (AC +4)
You are immune to poison.
You resist negative energy. (rN+)
You are resistant to electric shocks. (rElec)
You can survive without breathing.
You are immune to petrification.
You are immune to rotting.


Message History

The orc wizard casts a spell.
The orc wizard seems to speed up.
The orc wizard points at you and mumbles some strange words.
The magic dart hits you!
* * * LOW HITPOINT WARNING * * *
The orc priest completely misses you. The centaur zombie hits you.
* * * LOW HITPOINT WARNING * * *
You slash something! You barely miss the orc wizard.
You hit the centaur zombie. Something hits you.
* * * LOW HITPOINT WARNING * * *
The orc wizard gestures at you while chanting.
You are confused.
Unknown command.
You miss something. You hit the centaur zombie. You barely miss the orc wizard.
You slash the orc wizard!
You kill the orc wizard!
Trog accepts your kill.
Trog appreciates your killing of a magic user.
The centaur zombie hits you.
You die...

##### #...#
######.#.#
#........#+###
#.....o.......
#...o){Zs..... #@#
########o#
#.....##.# #+
#.....##.# #.#
#.....##.#
#.######.....##.#
##.#....'.....'..#
.#.#.####.....####
.#.#......#####


You could see an orc priest, 2 orc wizards, a centaur zombie and a giant
cockroach.

Vanquished Creatures
  An ogre (D:4)
  A scorpion (D:5)
  A crimson imp (D:5)
  A bullfrog zombie (D:4)
  Crazy Yiuf (D:2)
  A jelly (D:3)
  3 orc wizards
  An iguana (D:4)
  Ijyb (D:3)
  A worker ant zombie (D:5)
  7 adders
  3 gnolls (D:3)
  An ooze (D:3)
  6 worms
  2 dart slugs (D:4)
  A leopard gecko (D:1)
  5 orcs
  3 giant cockroaches
  6 goblins
  12 hobgoblins
  4 jackals (D:3)
  2 quokkas
  A ball python (D:1)
  A ball python skeleton (D:5)
  5 bats
  3 frilled lizards
  8 kobolds
  7 rats
89 creatures vanquished.

Notes
Turn   | Place    | Note
-------+----------+-------------------------------------------
     0 | D:1      | Fang the Gargoyle Berserker began the quest for the Orb.
     0 | D:1      | Reached XP level 1. HP: 14/14 MP: 1/1
    93 | D:1      | Reached XP level 2. HP: 16/19 MP: 2/2
   119 | D:1      | Reached skill level 3 in Axes
   550 | D:1      | Reached ** piety under Trog
   768 | D:1      | Reached XP level 3. HP: 23/23 MP: 3/3
  1089 | D:2      | Found a runed door.
  1303 | D:2      | Found a shadowy altar of Dithmenos.
  1744 | D:2      | Reached XP level 4. HP: 20/29 MP: 4/4
  2005 | D:2      | Noticed Crazy Yiuf
  2009 | D:2      | Killed Crazy Yiuf
  2153 | D:3      | Reached skill level 4 in Axes
  2194 | D:3      | Reached XP level 5. HP: 17/33 MP: 5/5
  2203 | D:3      | HP: 1/49 [adder (2)]
  2820 | D:3      | Reached *** piety under Trog
  3175 | D:3      | Found a stormy altar of Qazlal.
  3335 | D:3      | Reached XP level 6. HP: 32/39 MP: 6/6
  3342 | D:3      | Noticed Ijyb
  3355 | D:3      | Killed Ijyb
  3760 | D:4      | Found a stormy altar of Qazlal.
  3920 | D:4      | Reached skill level 5 in Axes
  3920 | D:4      | Reached skill level 1 in Stealth
  4267 | D:4      | Reached XP level 7. HP: 44/44 MP: 7/7
  4524 | D:5      | Entered Level 5 of the Dungeon
  4702 | D:5      | HP: 2/66 [something (3)]
  4703 | D:5      | Slain by a centaur zombie

Skill      XL: |  1  2  3  4  5  6  7 |
---------------+----------------------+-----
Axes           | 3 4 5 |  5.8
Dodging        | 2 3 |  3.2
Fighting       | 4 |  4.9
Stealth        | 1 2 |  2.0
Armour         | |  2.3

Action                   |  1- 3 |  4- 6 |  7- 9 || total
-------------------------+-------+-------+-------++-------
Melee: Hand axe          |   149 |   187 |    60 ||   396
Invok: Berserk           |       |     4 |     1 ||     5
  Use: Scroll            |       |     9 |     2 ||    11
 Stab: Sleeping          |       |     1 |       ||     1
  Eat: Chunk             |     2 |     9 |     1 ||    12
       Ration            |       |     1 |       ||     1
Armor: Animal skin       |    47 |    58 |    32 ||   137
Dodge: Dodged            |    92 |   104 |    31 ||   227
